 Dungeon Crawl Stone Soup version 0.27-a0-705-ga0013940fb (webtiles) character file.

Game seed: 5513784538917393189

57 jestyr24 the Conjurer (level 3, -1/24 HPs)
             Began as a Demonspawn Conjurer on Mar 22, 2021.
             Succumbed to a kobold's poison
             ... on level 2 of the Dungeon.
             The game lasted 00:09:42 (2565 turns).

jestyr24 the Conjurer (Demonspawn Conjurer)         Turns: 2565, Time: 00:09:43

Health: -1/24      AC:  2    Str:  7    XL:     3   Next: 73%
Magic:  0/6        EV: 12    Int: 20    God:
Gold:   40         SH:  0    Dex: 11    Spells: 5/6 levels left

rFire    + . .     SeeInvis .   (no weapon)
rCold    + . .     Faith    .   (no shield)
rNeg     . . .     Spirit   .   a - +0 robe
rPois    .         Reflect  .   (no helmet)
rElec    .         Harm     .   d - scarf {rC+ rF+}
rCorr    .         Rampage  .   (no gloves)
Will     .....                  (no boots)
Stlth    ++........             (no amulet)
HPRegen  0.08/turn              (no ring)
MPRegen  0.10/turn              (no ring)

@: lethally poisoned (-1 -> -26)
A: claws 1, ignite blood 1
a: no special abilities


You were on level 2 of the Dungeon.
You visited 1 branch of the dungeon, and saw 2 of its levels.

You collected 40 gold pieces.

Inventory:

Hand Weapons
 b - a +0 dagger
Missiles
 f - 81 stones
 i - 8 boomerangs (quivered)
Armour
 a - a +0 robe (worn)
 d - a scarf of resistance (worn)
Scrolls
 c - a scroll of blinking {unknown}
 e - 3 scrolls of identify {unknown}
 h - a scroll of teleportation {unknown}
Potions
 g - a potion of flight {unknown}


   Skills:
 + Level 0.4 Short Blades
 + Level 2.3 Dodging
 + Level 2.1 Stealth
 + Level 2.2 Spellcasting
 + Level 4.7 Conjurations


You had 5 spell levels left.
You knew the following spells:

 Your Spells              Type           Power      Damage    Failure   Level
a - Magic Dart            Conj           84%        1d7       2%          1

Your spell library contained the following spells:

 Spells                   Type           Power      Damage    Failure   Level
 Searing Ray              Conj           42%        3d4       3%          2
 Dazzling Flash           Conj/Hex       22%        N/A       17%         3
 Fulminant Prism          Conj/Hex       5%         3d7       50%         4
 Iskenderun's Mystic Bla  Conj/Tloc      11%        2d4       50%         4


Dungeon Overview and Level Annotations

Branches:
Dungeon (2/15)

Altars:
Gozag
Zin

Shops:
D:1 *

Portals:
Abyss: D:1***


Innate Abilities, Weirdness & Mutations

You have sharp fingernails.
Your demonic aura sometimes causes spilled blood to erupt in flames


Message History

You feel sick.
You closely miss the kobold. The kobold barely misses you.
Your magical contamination has completely faded away.
You closely miss the kobold. The kobold misses you.
You scratch the kobold.
You kill the kobold!
Casting: Magic Dart (safe; 2% risk of failure)
Confirm with . or Enter, or press ? or * to list all spells.
Aiming: Magic Dart (safe; 2% risk of failure)
Press: ? - help, Shift-Dir - straight line, f - kobold
Aim: a kobold, wielding a +1 short sword of venom (0% to evade)
The magic dart hits the kobold.
The kobold is moderately wounded.
You feel sick.
You closely miss the kobold.
The kobold is moderately wounded.
The kobold barely misses you.
You barely miss the kobold.
The kobold is moderately wounded.
The kobold hits you but does no damage.
You are more poisoned.
You closely miss the kobold.
The kobold is moderately wounded.
You feel sick.
The kobold hits you with a +1 short sword of venom.
You are lethally poisoned!
You scratch the kobold.
The kobold is severely wounded.
You feel sick.
The kobold hits you with a +1 short sword of venom.
You closely miss the kobold.
The kobold is severely wounded.
* * * LOW HITPOINT WARNING * * *
You feel sick.
The kobold hits you with a +1 short sword of venom.
* * * LOW HITPOINT WARNING * * *
You are more poisoned.
You scratch the kobold but do no damage.
The kobold is severely wounded.
You die...

#.......# ##......
#....#### #..####.
#.#### ##..##...
#...### #...#....
#.....## #...#....
#......###...)...)
#)###..##...†#####
#K###...#....# ##
#@.##...#....####.
#.................
###########.######
#.###### #.......
########


You could see a kobold.

Vanquished Creatures
  2 adders (D:2)
  4 ball pythons
  A giant cockroach (D:1)
  9 goblins
  3 hobgoblins
  6 kobolds
  An ooze (D:2)
  3 quokkas (D:1)
  4 bats
  A frilled lizard (D:1)
  A rat (D:2)
35 creatures vanquished.

Notes
Turn   | Place    | Note
-------+----------+-------------------------------------------
     0 | D:1      | jestyr24 the Demonspawn Conjurer began the quest for the
                  | Orb.
     0 | D:1      | Reached XP level 1. HP: 13/13 MP: 3/3
   433 | D:1      | Found Bumucaaz's General Store.
   537 | D:1      | Gained mutation: Your demonic aura sometimes causes spilled
                  | blood to erupt in flames [demonic ancestry]
   537 | D:1      | Reached XP level 2. HP: 19/19 MP: 1/5
  1970 | D:2      | Gained mutation: You have sharp fingernails. [demonic
                  | ancestry]
  1970 | D:2      | Reached XP level 3. HP: 24/24 MP: 2/6
  2274 | D:2      | Found an opulent altar of Gozag.
  2564 | D:2      | HP: 1/24 [kobold/+1 short sword of venom (6)]
  2565 | D:2      | Succumbed to a kobold's poison

Illustrated notes

Levels and vault maps discovered:
D:1:      minmay_arrival_glassed_features, layout_loops_corners, serial_shops,
          shop
D:2:      minmay_recursive_quarters, layout_basic,
          grunt_temple_overflow_gold_and_silver, kennysheep_crisscross

Skill      XL: |  1  2 |
---------------+-------+-----
Stealth        | 2 |  2.1
Dodging        | 2 |  2.3
Short Blades   | |  0.4
Spellcasting   | |  2.2
Conjurations   | |  4.7

Action                   || total
-------------------------++-------
Melee: Dagger            ||    32
       Unarmed           ||    33
Throw: Boomerang         ||     5
 Cast: Magic Dart        ||    52
  Use: Scroll            ||     1
 Stab: Sleeping          ||     2
Armor: Robe              ||    21
Dodge: Dodged            ||    53

Table legend: (Time is in decaauts)
 A = Elapsed time spent in this place.
 B = Non-inter-level travel time spent in this place.
 C = Inter-level travel time spent in this place.
 D = Time resting spent in this place.
 E = Time spent auto-exploring this place.
 F = Levels seen in this place.
 G = Mean time per level.
                   A        B        C        D        E       F      G
               +--------+--------+--------+--------+--------+-----+--------+
         Total |   2565 |   2476 |     89 |    748 |   1405 |   2 | 1282.5 |
       Dungeon |   2565 |   2476 |     89 |    748 |   1405 |   2 | 1282.5 |
               +--------+--------+--------+--------+--------+-----+--------+

Top non-repeatable levels by time:
     D:1: 1873 daAuts
     D:2: 691 daAuts
